| TOP OF THE 1ST |
|
San Diego Padres batting - Pitching for Pittsburgh Pirates : LHP Sam Richardson
|
|
Pitching: LHP Sam Richardson
|
|
|
Batting: RHB Hildo Pot
|
0-0: Ball 1-0: Ball 2-0: Ball 3-0: Ground out 1-3 (Groundball, 25, EV 70.0 MPH)
|
|
Batting: SHB Phil Zacharia
|
0-0: Called Strike 0-1: Ball 1-1: Foul Ball, location: 2F 1-2: Foul Ball, location: 2F 1-2: Strikes out looking
|
|
Batting: RHB Hugo Bautista
|
0-0: Called Strike 0-1: Ball 1-1: Swinging Strike 1-2: Ball 2-2: Strikes out looking
|
| Top of the 1st over - 0 runs, 0 hits, 0 errors, 0 left on base; San Diego 0 - Pittsburgh 0 |
| BOTTOM OF THE 1ST |
|
Pittsburgh Pirates batting - Pitching for San Diego Padres : RHP Adam Thompson
|
|
Pitching: RHP Adam Thompson
|
|
|
Batting: RHB Chiel Palstermans
|
0-0: Ball 1-0: Ball 2-0: Ball 3-0: Called Strike 3-1: SINGLE (Line Drive, 89M, EV 110.0 MPH)
|
|
Batting: RHB David Contreras
|
0-0: Ball 1-0: Foul Ball, location: 2F 1-1: Ball 2-1: Ball 3-1: Base on Balls Chiel Palstermans to second
|
|
Batting: SHB Marvin McAleer
|
0-0: Ball 1-0: Called Strike 1-1: Ball 2-1: SINGLE (Groundball, 6M, EV 101.9 MPH) (infield hit) Chiel Palstermans to third David Contreras to second
|
|
Batting: LHB Micah Boshnjaku
|
0-0: Swinging Strike 0-1: Ball 1-1: Foul Ball, location: 2F 1-2: Ball 2-2: Strikes out swinging
|
|
Batting: LHB Xavier Pittman
|
0-0: Ball 1-0: Ball 2-0: SINGLE (Groundball, 56S, EV 61.9 MPH) (infield hit) Chiel Palstermans scores David Contreras to third Marvin McAleer to second
|
|
Batting: SHB Jack Andrews
|
0-0: Called Strike 0-1: Foul Ball, location: 2F 0-2: Fielders Choice at 2nd, 4-6 (Groundball, 34, EV 86.9 MPH) David Contreras scores Marvin McAleer to third
|
|
Batting: RHB Andrew Robinson
|
0-0: Ball 1-0: Called Strike 1-1: Foul Ball, location: 2F 1-2: Ball 2-2: Foul Ball, location: 2F 2-2: Fielders Choice at 2nd, 6-4 (Groundball, 6, EV 106.2 MPH)
|
| Bottom of the 1st over - 2 runs, 3 hits, 0 errors, 2 left on base; San Diego 0 - Pittsburgh 2 |
| TOP OF THE 2ND |
|
San Diego Padres batting - Pitching for Pittsburgh Pirates : LHP Sam Richardson
|
|
Batting: RHB Eisse Bravenboer
|
0-0: SINGLE (Line Drive, 9S, EV 97.5 MPH)
|
|
Batting: RHB Kaeo Zirpoli
|
0-0: Ball 1-0: Called Strike 1-1: Called Strike 1-2: Strikes out swinging
|
|
Batting: RHB Elijah Campbell
|
0-0: Called Strike 0-1: Swinging Strike 0-2: Strikes out looking
|
|
Batting: RHB Rodolfo Rivera
|
0-0: Ball 1-0: Ball 2-0: Ball 3-0: Base on Balls Eisse Bravenboer to second
|
|
Batting: LHB Mike Holt
|
0-0: Called Strike 0-1: Ground out U3 (Groundball, 3S, EV 83.8 MPH)
|
| Top of the 2nd over - 0 runs, 1 hit, 0 errors, 2 left on base; San Diego 0 - Pittsburgh 2 |
| BOTTOM OF THE 2ND |
|
Pittsburgh Pirates batting - Pitching for San Diego Padres : RHP Adam Thompson
|
|
Batting: RHB Raul Mendoza
|
0-0: Foul Ball, location: 2F 0-1: Ball 1-1: Ball 2-1: Bunted foul 2-2: Ball 3-2: Ground out 4-3 (Groundball, 4S, EV 81.9 MPH)
|
|
Batting: SHB Trevor Weareorwear
|
0-0: SINGLE (Line Drive, 78M, EV 100.0 MPH)
|
|
Batting: RHB Chiel Palstermans
|
0-0: Ball 1-0: Ball 2-0: Ball 3-0: Called Strike 3-1: Foul Ball, location: 2F 3-2: Base on Balls Trevor Weareorwear to second
|
|
Batting: RHB David Contreras
|
0-0: Ball 1-0: 3-RUN HOME RUN (Flyball, 7LD, EV 92.5 MPH), Distance : 346 ft
|
|
Batting: SHB Marvin McAleer
|
0-0: Fly out, F7 (Flyball, 8LM, EV 86.9 MPH)
|
|
Batting: LHB Micah Boshnjaku
|
0-0: Ball 1-0: Ground out U3 (Groundball, 3L, EV 106.2 MPH)
|
| Bottom of the 2nd over - 3 runs, 2 hits, 0 errors, 0 left on base; San Diego 0 - Pittsburgh 5 |
| TOP OF THE 3RD |
|
San Diego Padres batting - Pitching for Pittsburgh Pirates : LHP Sam Richardson
|
|
Batting: RHB Masashi Yukizawa
|
0-0: Called Strike 0-1: Ground out U3 (Groundball, 34S, EV 92.5 MPH)
|
|
Batting: RHB Hildo Pot
|
0-0: Called Strike 0-1: Foul Ball, location: 2F 0-2: Fly out, F9 (Line Drive, 9LS, EV 93.1 MPH)
|
|
Batting: SHB Phil Zacharia
|
0-0: DOUBLE (Line Drive, 9LD, EV 100.6 MPH)
|
|
Batting: RHB Hugo Bautista
|
0-0: Called Strike 0-1: Swinging Strike 0-2: Fly out, F7 (Flyball, 7, EV 75.0 MPH)
|
| Top of the 3rd over - 0 runs, 1 hit, 0 errors, 1 left on base; San Diego 0 - Pittsburgh 5 |
| BOTTOM OF THE 3RD |
|
Pittsburgh Pirates batting - Pitching for San Diego Padres : RHP Adam Thompson
|
|
Batting: LHB Xavier Pittman
|
0-0: Called Strike 0-1: Swinging Strike 0-2: Strikes out swinging
|
|
Batting: SHB Jack Andrews
|
0-0: Called Strike 0-1: Ball 1-1: Ground out U3 (Groundball, 3, EV 82.5 MPH)
|
|
Batting: RHB Andrew Robinson
|
0-0: Called Strike 0-1: Ball 1-1: Ground out 6-3 (Groundball, 6, EV 89.4 MPH)
|
| Bottom of the 3rd over - 0 runs, 0 hits, 0 errors, 0 left on base; San Diego 0 - Pittsburgh 5 |
| TOP OF THE 4TH |
|
San Diego Padres batting - Pitching for Pittsburgh Pirates : LHP Sam Richardson
|
|
Batting: RHB Eisse Bravenboer
|
0-0: Ball 1-0: Foul Ball, location: 2F 1-1: Ball 2-1: Foul Ball, location: 2F 2-2: Strikes out swinging
|
|
Batting: RHB Kaeo Zirpoli
|
0-0: Called Strike 0-1: Swinging Strike 0-2: Fly out, F7 (Flyball, 78S, EV 87.5 MPH)
|
|
Batting: RHB Elijah Campbell
|
0-0: Ball 1-0: Ball 2-0: TRIPLE (Line Drive, 7D, EV 109.4 MPH)
|
|
Batting: RHB Rodolfo Rivera
|
0-0: Ball 1-0: Fly out, F4 (Popup, 4M, EV 65.6 MPH)
|
| Top of the 4th over - 0 runs, 1 hit, 0 errors, 1 left on base; San Diego 0 - Pittsburgh 5 |
| BOTTOM OF THE 4TH |
|
Pittsburgh Pirates batting - Pitching for San Diego Padres : RHP Adam Thompson
|
|
Batting: RHB Raul Mendoza
|
0-0: Ball 1-0: SINGLE (Line Drive, 78M, EV 91.9 MPH)
|
|
Pitching: LHP Yuri Thra
|
|
|
Batting: SHB Trevor Weareorwear
|
0-0: Ball 1-0: Ball Raul Mendoza is caught stealing 2nd base 2-4 2-0: Called Strike 2-1: Ball 3-1: Base on Balls
|
|
Batting: RHB Chiel Palstermans
|
0-0: Ball 1-0: Fly out, F9 (Flyball, 9, EV 91.9 MPH)
|
|
Batting: RHB David Contreras
|
0-0: Fielders Choice at 2nd, 6-4 (Groundball, 6, EV 88.8 MPH)
|
| Bottom of the 4th over - 0 runs, 1 hit, 0 errors, 1 left on base; San Diego 0 - Pittsburgh 5 |
| TOP OF THE 5TH |
|
San Diego Padres batting - Pitching for Pittsburgh Pirates : LHP Sam Richardson
|
|
Batting: LHB Mike Holt
|
0-0: Called Strike 0-1: SINGLE (Groundball, 34D, EV 93.8 MPH)
|
|
Batting: RHB Masashi Yukizawa
|
0-0: Ball 1-0: Called Strike 1-1: Grounds into double play, 6-4-3 (Groundball, 6S, EV 84.4 MPH)
|
|
Batting: RHB Hildo Pot
|
0-0: Called Strike 0-1: Ground out 4-3 (Groundball, 4, EV 106.9 MPH)
|
| Top of the 5th over - 0 runs, 1 hit, 0 errors, 0 left on base; San Diego 0 - Pittsburgh 5 |
| BOTTOM OF THE 5TH |
|
Pittsburgh Pirates batting - Pitching for San Diego Padres : LHP Yuri Thra
|
|
Batting: SHB Marvin McAleer
|
0-0: SOLO HOME RUN (Flyball, 78XD, EV 100.0 MPH), Distance : 415 ft
|
|
Batting: LHB Micah Boshnjaku
|
0-0: Ball 1-0: Ball 2-0: Called Strike 2-1: Swinging Strike 2-2: Strikes out swinging
|
|
Batting: LHB Xavier Pittman
|
0-0: Ball 1-0: Foul Ball, location: 2F 1-1: Ground out 4-3 (Groundball, 4MS, EV 65.6 MPH)
|
|
Batting: SHB Jack Andrews
|
0-0: Ball 1-0: Ball 2-0: Ball 3-0: Called Strike 3-1: Ground out 6-3 (Groundball, 6, EV 105.0 MPH)
|
| Bottom of the 5th over - 1 run, 1 hit, 0 errors, 0 left on base; San Diego 0 - Pittsburgh 6 |
| TOP OF THE 6TH |
|
San Diego Padres batting - Pitching for Pittsburgh Pirates : LHP Sam Richardson
|
|
Batting: SHB Phil Zacharia
|
0-0: Hit by Pitch
|
|
Batting: RHB Hugo Bautista
|
0-0: Ball 1-0: Foul Ball, location: 2F 1-1: Ball 2-1: Foul Ball, location: 2F 2-2: Strikes out looking
|
|
Batting: RHB Eisse Bravenboer
|
0-0: Foul Ball, location: 2F 0-1: Ball 1-1: Foul Ball, location: 2F 1-2: Strikes out swinging
|
|
Batting: RHB Kaeo Zirpoli
|
0-0: Called Strike 0-1: Ground out U3 (Groundball, 3S, EV 85.6 MPH)
|
| Top of the 6th over - 0 runs, 0 hits, 0 errors, 1 left on base; San Diego 0 - Pittsburgh 6 |
| BOTTOM OF THE 6TH |
|
Pittsburgh Pirates batting - Pitching for San Diego Padres : LHP Yuri Thra
|
|
Batting: RHB Andrew Robinson
|
0-0: Ball 1-0: Called Strike 1-1: Ball 2-1: Swinging Strike 2-2: Strikes out swinging
|
|
Batting: RHB Raul Mendoza
|
0-0: Foul Ball, location: 2F 0-1: Ground out 2-3 (Groundball, 15S, EV 61.2 MPH)
|
|
Batting: SHB Trevor Weareorwear
|
0-0: Ball 1-0: Called Strike 1-1: Foul Ball, location: 2F 1-2: SINGLE (Flyball, 8LS, EV 96.9 MPH)
|
|
Batting: RHB Chiel Palstermans
|
0-0: Ball 1-0: Ball 2-0: SINGLE (Line Drive, 78M, EV 104.4 MPH) Trevor Weareorwear to second
|
|
Batting: RHB David Contreras
|
0-0: Fly out, F9 (Flyball, 89D, EV 106.9 MPH)
|
| Bottom of the 6th over - 0 runs, 2 hits, 0 errors, 2 left on base; San Diego 0 - Pittsburgh 6 |
| TOP OF THE 7TH |
|
San Diego Padres batting - Pitching for Pittsburgh Pirates : LHP Sam Richardson
|
|
Batting: RHB Elijah Campbell
|
0-0: Ball 1-0: Ball 2-0: Ball 3-0: Base on Balls
|
|
Batting: RHB Rodolfo Rivera
|
0-0: Ball 1-0: Swinging Strike 1-1: Swinging Strike 1-2: Strikes out swinging
|
|
Batting: LHB Mike Holt
|
0-0: Foul Ball, location: 2F 0-1: SINGLE (Line Drive, 9S, EV 98.1 MPH) Elijah Campbell to second
|
|
Batting: RHB Masashi Yukizawa
|
0-0: Called Strike 0-1: Called Strike 0-2: Ball 1-2: Strikes out swinging
|
|
Batting: RHB Hildo Pot
|
0-0: SINGLE (Flyball, 8RS, EV 97.5 MPH) Elijah Campbell to third Mike Holt to second Runner from 3rd tries for Home, SAFE, throw by CF to home
|
|
Batting: SHB Phil Zacharia
|
0-0: Foul Ball, location: 2F 0-1: Ball 1-1: Ball 2-1: Ground out U3 (Groundball, 34S, EV 79.4 MPH)
|
| Top of the 7th over - 1 run, 2 hits, 0 errors, 2 left on base; San Diego 1 - Pittsburgh 6 |
| BOTTOM OF THE 7TH |
|
Pittsburgh Pirates batting - Pitching for San Diego Padres : LHP Yuri Thra
|
|
Batting: SHB Marvin McAleer
|
0-0: Ball 1-0: SINGLE (Groundball, 4MD, EV 98.8 MPH)
|
|
Batting: LHB Micah Boshnjaku
|
0-0: Called Strike 0-1: Called Strike Marvin McAleer steals 2nd base 0-2: Ball 1-2: Strikes out swinging
|
|
Batting: LHB Xavier Pittman
|
0-0: Ball 1-0: Called Strike 1-1: Ball 2-1: Ball 3-1: Base on Balls
|
|
Pitching: RHP Bryce Cleavinger
|
|
|
Batting: SHB Jack Andrews
|
0-0: Fly out, F7 (Line Drive, 7S, EV 95.0 MPH)
|
|
Batting: RHB Andrew Robinson
|
0-0: Foul Ball, location: 2F 0-1: Ball 1-1: Fielders Choice at 2nd, 6-4 (Groundball, 6, EV 85.6 MPH)
|
| Bottom of the 7th over - 0 runs, 1 hit, 0 errors, 2 left on base; San Diego 1 - Pittsburgh 6 |
| TOP OF THE 8TH |
|
San Diego Padres batting - Pitching for Pittsburgh Pirates : LHP Sam Richardson
|
|
Batting: RHB Hugo Bautista
|
0-0: Called Strike 0-1: Ball 1-1: Ball 2-1: Called Strike 2-2: Ball 3-2: Strikes out swinging
|
|
Batting: RHB Eisse Bravenboer
|
0-0: SOLO HOME RUN (Flyball, 89XD, EV 101.9 MPH), Distance : 414 ft
|
|
Batting: RHB Kaeo Zirpoli
|
0-0: Ball 1-0: Foul Ball, location: 2F 1-1: Swinging Strike 1-2: Foul Ball, location: 2F 1-2: Ground out 5-3 (Groundball, 56D, EV 88.1 MPH)
|
|
Batting: RHB Elijah Campbell
|
0-0: Ground out 6-3 (Groundball, P, EV 81.2 MPH)
|
| Top of the 8th over - 1 run, 1 hit, 0 errors, 0 left on base; San Diego 2 - Pittsburgh 6 |
| BOTTOM OF THE 8TH |
|
Pittsburgh Pirates batting - Pitching for San Diego Padres : RHP Bryce Cleavinger
|
|
Batting: RHB Raul Mendoza
|
0-0: Ball 1-0: Foul Ball, location: 2F 1-1: SINGLE (Groundball, 6MD, EV 100.0 MPH)
|
|
Batting: SHB Trevor Weareorwear
|
0-0: Ball 1-0: Called Strike 1-1: SINGLE (Groundball, 34D, EV 105.0 MPH) Raul Mendoza to second Runner from 2nd tries for 3rd, SAFE, no throw by RF
|
|
Batting: RHB Chiel Palstermans
|
0-0: Called Strike 0-1: Foul Ball, location: 2F 0-2: Strikes out swinging
|
|
Batting: RHB David Contreras
|
0-0: Ball 1-0: Ball 2-0: Fly out, F5 (Line Drive, 5, EV 68.1 MPH)
|
|
Batting: SHB Marvin McAleer
|
0-0: Ball 1-0: Called Strike 1-1: DOUBLE (Line Drive, 89D, EV 105.6 MPH) Raul Mendoza scores Trevor Weareorwear to third
|
|
Batting: LHB Micah Boshnjaku
|
0-0: Called Strike 0-1: Ball 1-1: Foul Ball, location: 2F 1-2: Ball 2-2: Strikes out swinging
|
| Bottom of the 8th over - 1 run, 3 hits, 0 errors, 2 left on base; San Diego 2 - Pittsburgh 7 |
| TOP OF THE 9TH |
|
San Diego Padres batting - Pitching for Pittsburgh Pirates : LHP Sam Richardson
|
|
Batting: RHB Rodolfo Rivera
|
0-0: Ball 1-0: Ball 2-0: Ball 3-0: Called Strike 3-1: SINGLE (Line Drive, 6D, EV 98.1 MPH)
|
|
Pitching: LHP Marko Emchenko
|
|
|
Batting: LHB Mike Holt
|
0-0: Called Strike 0-1: Called Strike 0-2: Ball 1-2: Fly out, F8 (Flyball, 8RD, EV 106.9 MPH)
|
|
Batting: RHB Masashi Yukizawa
|
0-0: Ball 1-0: Called Strike 1-1: Foul Ball, location: 2F 1-2: Fly out, F9 (Flyball, 9D, EV 101.9 MPH)
|
|
Batting: RHB Hildo Pot
|
0-0: Foul Ball, location: 2F 0-1: Ball 1-1: Ball 2-1: Fly out, F6 (Line Drive, 6, EV 60.6 MPH)
|
| Top of the 9th over - 0 runs, 1 hit, 0 errors, 1 left on base; San Diego 2 - Pittsburgh 7 |
|